 Dungeon Crawl Stone Soup version 0.19-a0-934-gf1df8d1 (webtiles) character file.

101606 superterranean the Unseen (level 15, -4/84 HPs)
             Began as a Spriggan Enchanter on July 7, 2016.
             Was a High Priest of Ashenzari.
             Killed from afar by a manticore (14 damage)
             ... with a volley of spikes
             ... while paralysed by a hornet
             ... on level 15 of the Dungeon.
             The game lasted 02:15:30 (26060 turns).

superterranean the Unseen (Spriggan Enchanter)     Turns: 26060, Time: 02:15:31

Health: -4/84      AC: 13    Str:  5      XL:     15   Next: 83%
Magic:  23/27      EV:  4    Int: 24 (25) God:    Ashenzari [*****.]
Gold:   1670       SH:  0    Dex: 21      Spells: 7 memorised, 8 levels left

rFire  + . .     SeeInvis +     E - +9 short sword "Owovot" {pierce, rF+ rN+ Str-3 Int+4} (curse)
rCold  . . .     Gourm    .     N - +0 troll leather armour (curse)
rNeg   + . .     Faith    .     (shield restricted)
rPois  .         Spirit   .     z - +0 mask of the Dragon {MR+ Slay+3 SInv}
rElec  .         Dismiss  .     L - +2 cloak {+Inv} (curse)
rCorr  .         Reflect  .     (gloves unavailable)
SustAt .         Harm     .     (boots unavailable)
MR     +++..     Clarity  +     a - amulet "Uruek" {RegenMP Str+2 Dex+4} (curse)
Stlth  +++++++++.               V - ring of stealth
                                R - +6 ring of protection (curse)

@: paralysed, lethally poisoned (-4 -> -35), manticore barbs, very quick,
extremely resistant to hostile enchantments, incredibly stealthy
A: unfitting armour, see invisible, herbivore 3, speed 3, robust 1, slow
metabolism 2
a: Curse Item, Scrying, Transfer Knowledge, Renounce Religion, Evoke
Invisibility


You were on level 15 of the Dungeon.
You worshipped Ashenzari.
Ashenzari was extremely pleased with you.
You were hungry.

You visited 4 branches of the dungeon, and saw 24 of its levels.
You also visited: Labyrinth and Volcano.

You collected 2370 gold pieces.
You spent 700 gold pieces at shops.

Inventory:

Hand Weapons
 E - the cursed +9 short sword "Owovot" (weapon) {pierce, rF+ rN+ Str-3 Int+4}
   (You found it on level 4 of the Dungeon)

   It inflicts extra damage upon your enemies.
   It affects your strength (-3).
   It affects your intelligence (+4).
   It protects you from fire.
   It protects you from negative energy.
   It has a curse placed upon it.
Armour
 z - the +0 mask of the Dragon (worn) {MR+ Slay+3 SInv}
   (You found it on level 1 of the Lair of Beasts)

   It affects your accuracy and damage with ranged weapons and melee attacks
   (+3).
   It affects your resistance to hostile enchantments.
   It lets you see invisible.
 J - a +0 cloak
 L - a cursed +2 cloak of invisibility (worn)
 N - a cursed +0 troll leather armour (worn)
Jewellery
 a - the cursed amulet "Uruek" (around neck) {RegenMP Str+2 Dex+4}
   (You found it on level 11 of the Dungeon)

   [amulet of magic regeneration]

   It increases your magic regeneration.
   It affects your strength (+2).
   It affects your dexterity (+4).
   It has a curse placed upon it.
 i - the ring of Kudioh {*Contam rN+++ MR++ AC+2 Dex-5}
   (You found it in a labyrinth)

   [ring of protection]

   It affects your AC (+2).
   It affects your dexterity (-5).
   It renders you almost immune to negative energy.
   It affects your resistance to hostile enchantments.
   It causes magical contamination when unequipped.
 n - an uncursed ring of protection from magic
 y - an uncursed ring of poison resistance
 R - a cursed +6 ring of protection (left hand)
 V - a ring of stealth (right hand)
Wands
 l - a wand of hasting (7/9)
 m - a wand of digging (8/24)
 r - a wand of paralysis (14/24)
 v - a wand of acid (8/15)
 B - a wand of acid (7/15)
 F - a wand of lightning (4/15)
 G - a wand of iceblast (12/15)
 H - a wand of acid (0/15)
 I - a wand of teleportation (6/9)
 T - a wand of iceblast (13/15)
 W - a wand of acid (8/15)
 X - a wand of lightning (7/15)
 Z - a wand of iceblast (2/15)
Scrolls
 b - 7 scrolls of identify
 c - a scroll of summoning
 g - 3 scrolls of recharging
 h - a scroll of magic mapping
 j - 6 scrolls of remove curse
 o - 3 scrolls of amnesia
 C - a scroll of noise
 K - 5 scrolls of enchant armour
 Y - 4 scrolls of teleportation
Potions
 e - a potion of lignification {unknown}
 f - 9 potions of agility
 k - 4 potions of magic
 p - 2 potions of flight
 q - 4 potions of heal wounds
 s - 2 potions of haste
 t - 3 potions of brilliance
 x - 2 potions of invisibility
 A - 11 potions of curing
 D - a potion of ambrosia
 P - a potion of resistance
 Q - 3 potions of might
Miscellaneous
 u - a phantom mirror
Comestibles
 d - 12 bread rations
 w - 25 fruits


   Skills:
 - Level 7.8 Fighting
 - Level 13.7(17.2) Short Blades
 - Level 13.8(16.1) Dodging
 - Level 17.0(19.1) Stealth
 + Level 7.8 Spellcasting
 - Level 13.2(15.5) Hexes
 + Level 12.0(14.3) Transmutations
 - Level 5.9(8.6) Ice Magic
 + Level 8.1(10.7) Earth Magic
 - Level 2.0(4.0) Evocations


You had 8 spell levels left.
You knew the following spells:

 Your Spells              Type           Power        Failure   Level  Hunger
a - Corona                Hex            ######.      1%          1    None
b - Ensorcelled Hibernat  Hex/Ice        ######       1%          2    None
c - Tukima's Dance        Hex            ######..     1%          3    None
d - Dazzling Spray        Conj/Hex       #####.       1%          3    None
e - Confuse               Hex            ######..     1%          3    None
f - Metabolic Englaciati  Hex/Ice        ######....   1%          5    #####..
g - Petrify               Tmut/Erth      ######..     1%          4    ###....


Dungeon Overview and Level Annotations

Branches:
Dungeon (15/15)            Temple (1/1) D:6            Lair (6/6) D:11
  Swamp (0/4) Lair:4       Spider (0/4) Lair:4        Slime (0/5) Lair:5
    Orc (2/2) D:12            Elf (0/3) Orc:2        Vaults (0/5) D:14
 Depths (0/5) D:15

Altars:
Ashenzari
Cheibriados
Dithmenos
Elyvilon
Fedhas
Gozag
Hepliaklqana
Kikubaaqudgha
Makhleb
Nemelex Xobeh
Okawaru
Pakellas
Qazlal
Ru
Sif Muna
Trog
Uskayaw
Vehumet
Xom
Yredelemnul
Zin
The Shining One
Beogh

Shops:
D:7 !   D:8 }   D:13 *   Orc:2 :(=}(

Annotations:
D:3 Robin
D:9 exclusions: oklob plant and oklob sapling
D:10 tstbtto's ghost, novice HEFi
D:15 1 runed door
Lair:6 George's ghost, journeyman MiFi


Innate Abilities, Weirdness & Mutations

You are tiny and cannot use many weapons and most armour.
You have supernaturally acute eyesight. (SInv)
You are a herbivore.
You cover ground extremely quickly.
You need consume almost no food.
You are robust. (+10% HP)


Message History

You are more poisoned.
You suddenly lose the ability to move!
You feel sick. The hornet stings you!
You are more poisoned.
You feel yourself slow down.
The manticore flicks its tail.
The volley of spikes hits you!
The barbed spikes become lodged in your body.
* * * LOW HITPOINT WARNING * * *
You feel yourself speed up.
* * * LOW HITPOINT WARNING * * *
You feel very sick. The hornet stings you!
* * * LOW HITPOINT WARNING * * *
You are more poisoned.
The hornet barely misses you.
The manticore flicks its tail.
Helpless, you fail to dodge the volley of spikes.
The barbed spikes become lodged in your body.
You die...

,* * ######...## #.# *,* *
##.....## ###.#
##.......## ##.#.# * , ,*
##.........####....##### *
,, ,
.'.........')........... ,
*,,
*###........H###.....#####
* ,, * ##.......## #.#.###
,,<* ##.....## #.### *, ,*
##..@## #.# ,* ##y## #.# *
,** #. #.# * #.** #.# , ,
.. , ,* * *, , .., ,* * *
, * ... ,* , , ..., * * ,
, ** ,


You could see a manticore and a hornet shaped shifter.

Vanquished Creatures
  Kirke (Lair:5)
  An orc warlord (Orc:2)
  2 eidola (D:14)
  A minotaur (Lab)
  A yaktaur captain (D:14)
  Fannar (Lair:2)
  7 hydras
  Harold (D:10)
  Erica (Orc:1)
  2 catoblepae (Lair:5)
  2 death knights (D:15)
  A centaur warrior (D:13)
  A dancing weapon (Volcano)
  An ogre mage (Orc:1)
  A deep troll shaman (Lair:6)
  9 death yaks
  3 orc high priests (Orc:2)
  2 vampire magi (D:14)
  Urug (Lair:1)
  2 skeletal warriors (D:15)
  A giant orange brain (D:15)
  11 hill giants
  2 phantasmal warriors (D:14)
  5 orc knights
  A deep elf mage (D:15)
  A wizard (D:15)
  5 orc sorcerers (Orc:2)
  3 ugly things
  2 cyclopes
  10 centaur zombies
  15 elephants
  2 guardian serpents (shapeshifter) (D:15)
  4 toenail golems (Volcano)
  Maurice (D:8)
  5 black mambas
  19 spiny frogs
  A gargoyle (D:14)
  2 yaktaurs (D:14)
  The ghost of tstbtto the Carver, a novice HEFi (D:5)
  3 rime drakes
  An efreet (D:13)
  A freezing wraith (D:15)
  8 komodo dragons
  8 trolls
  A troll (shapeshifter) (D:15)
  3 two-headed ogres
  Prince Ribbit (D:6)
  A polar bear (Lair:6)
  13 blink frogs
  4 slime creatures (D:15)
  3 hornet zombies
  A harpy skeleton (D:14)
  A raiju (shapeshifter) (D:14)
  A meliai zombie (D:14)
  2 flying skulls (D:14)
  A centaur simulacrum (D:14)
  2 wraiths
  3 basilisks
  53 yaks
  10 hippogriffs
  2 hogs
  A wyvern (Lair:6)
  3 hungry ghosts
  7 humans
  A steam dragon (Lair:4)
  A warg (Orc:1)
  A mottled dragon (D:14)
  4 swamp worms (Lair:4)
  3 soldier ants
  A swamp worm (shapeshifter) (D:15)
  14 water moccasins
  7 porcupines
  4 sky beasts
  31 orc warriors
  2 black bears
  A wasp (D:13)
  2 eyes of draining
  A necrophage (D:12)
  6 ice beasts
  22 wolves
  An ogre (shapeshifter) (D:15)
  10 ogres
  3 centaurs
  13 crocodiles
  A wyvern zombie (D:14)
  24 giant frogs
  2 wyvern skeletons
  A water moccasin zombie (D:8)
  2 scorpions
  A water moccasin skeleton (D:10)
  2 howler monkeys (D:10)
  12 wights
  An electric eel (Lair:4)
  A lava snake (D:14)
  7 crimson imps
  2 quasits
  8 hounds
  8 centaur skeletons
  4 jellies
  17 orc wizards
  3 giant frog skeletons
  9 orc priests
  Crazy Yiuf (D:5)
  8 iguanas
  12 worker ants
  Ijyb (D:2)
  29 sheep
  2 hound skeletons (D:6)
  A worker ant zombie (D:9)
  A howler monkey zombie (D:5)
  13 adders
  49 river rats
  2 shadow imps
  An ooze (D:6)
  An adder skeleton (D:9)
  2 worms
  2 dart slugs
  3 giant geckos
  78 orcs
  9 giant cockroaches
  9 hobgoblins
  20 jackals
  3 kobolds
  2 quokkas
  19 bats
  3 giant newts
  8 goblins
  14 rats
  A plant (D:9)
793 creatures vanquished.

Vanquished Creatures (collateral kills)
  A skeletal warrior (D:14)
  An orc sorcerer (Orc:2)
  A two-headed ogre (Orc:1)
  Sigmund (D:3)
  4 orc warriors
  3 ogres (Orc:1)
  2 wights (D:8)
  9 orcs
  A goblin (D:3)
23 creatures vanquished.

Vanquished Creatures (others)
  2 humans (Lair:5)
  3 dancing weapons
  An orc (Orc:2)
  12 fungi
  12 plants
30 creatures vanquished.

Grand Total: 846 creatures vanquished

Notes
Turn   | Place    | Note
-------+----------+-------------------------------------------
     0 | D:1      | superterranean the Spriggan Enchanter began the quest for the Orb.
     0 | D:1      | Reached XP level 1. HP: 9/9 MP: 5/5
   534 | D:1      | Reached XP level 2. HP: 13/13 MP: 6/6
   539 | D:1      | Learned a level 2 spell: Ensorcelled Hibernation
  1850 | D:1      | Reached XP level 3. HP: 16/16 MP: 5/8
  2032 | D:2      | Noticed Ijyb
  2036 | D:2      | Killed Ijyb
  2036 | D:2      | Reached skill level 5 in Hexes
  2411 | D:2      | Reached XP level 4. HP: 21/21 MP: 6/9
  2687 | D:3      | Noticed Robin
  2742 | D:3      | Learned a level 3 spell: Tukima's Dance
  3225 | D:3      | Noticed Sigmund
  3245 | D:3      | Killed Sigmund
  3245 | D:3      | Reached XP level 5. HP: 13/24 MP: 2/10
  3467 | D:3      | Learned a level 3 spell: Dazzling Spray
  3549 | D:4      | Got a smoking short sword
  3550 | D:4      | Identified the +9 short sword "Owovot" {pierce, rF+ rN+ Str-3 Int+4} (You found it on level 4 of the Dungeon)
  3874 | D:4      | Reached skill level 5 in Stealth
  3892 | D:4      | Reached XP level 6. HP: 28/28 MP: 8/11
  4051 | D:5      | Entered Level 5 of the Dungeon
  4069 | D:5      | Reached skill level 6 in Stealth
  4223 | D:5      | Reached XP level 7. HP: 32/32 MP: 10/12
  4292 | D:5      | Noticed tstbtto's ghost (novice HEFi)
  4410 | D:5      | Reached skill level 7 in Stealth
  4415 | D:5      | Learned a level 3 spell: Confuse
  4434 | D:5      | Killed tstbtto's ghost
  4434 | D:5      | Reached skill level 5 in Short Blades
  4740 | D:5      | Reached skill level 8 in Stealth
  4783 | D:5      | Reached XP level 8. HP: 36/36 MP: 15/15
  4930 | D:5      | Found a runed door.
  4934 | D:5      | Noticed Crazy Yiuf
  4938 | D:5      | Killed Crazy Yiuf
  5040 | D:6      | Reached skill level 9 in Stealth
  5408 | D:6      | Found a staircase to the Ecumenical Temple.
  5417 | Temple   | Entered the Ecumenical Temple
  5718 | D:6      | Noticed Prince Ribbit
  5725 | D:6      | Killed Prince Ribbit
  5725 | D:6      | Reached skill level 10 in Stealth
  6034 | D:7      | Reached XP level 9. HP: 37/39 MP: 12/16
  6240 | D:7      | Found Qixtooso's Distillery.
  6631 | D:7      | Reached skill level 11 in Stealth
  6751 | D:7      | Bought a potion of curing for 30 gold pieces
  6751 | D:7      | Bought a potion of resistance for 100 gold pieces
  6751 | D:7      | Bought a potion of curing for 30 gold pieces
  6751 | D:7      | Bought a potion of might for 40 gold pieces
  6768 | D:7      | Reached skill level 10 in Hexes
  7102 | D:8      | Found Xoxorph's Quality Used Wands.
  7282 | D:8      | Noticed Maurice
  7373 | D:8      | Killed Maurice
  7377 | D:8      | Gained mutation: You are robust. (+10% HP) [potion of beneficial mutation]
  7456 | D:8      | Bought a wand of acid (0/15) for 104 gold pieces
  7518 | D:8      | Reached skill level 12 in Stealth
  8342 | D:9      | Found a snail-covered altar of Cheibriados.
  8342 | D:9      | Found a glowing silver altar of Zin.
  8342 | D:9      | Found a sacrificial altar of Ru.
  8343 | D:9      | Found a deep blue altar of Sif Muna.
  8344 | D:9      | Found an opulent altar of Gozag.
  8344 | D:9      | Found a shattered altar of Ashenzari.
  8344 | D:9      | Found a hide-covered altar of Uskayaw.
  8344 | D:9      | Found a radiant altar of Vehumet.
  8369 | D:9      | Reached XP level 10. HP: 48/48 MP: 14/17
  8501 | D:9      | Became a worshipper of Ashenzari the Shackled
  8701 | D:9      | Found a bloodstained altar of Trog.
  8722 | D:9      | Reached skill level 13 in Stealth
  9154 | D:9      | Found a blossoming altar of Fedhas.
  9181 | D:9      | Identified the Almanac of Nature (You found it on level 9 of the Dungeon)
  9186 | D:9      | Noticed an oklob plant
  9212 | D:10     | Entered Level 10 of the Dungeon
  9213 | D:10     | Noticed a red ugly thing
  9222 | D:10     | Killed a red ugly thing
  9393 | D:10     | Reached skill level 10 in Short Blades
  9414 | D:10     | Noticed a hill giant
  9421 | D:10     | Killed a hill giant
  9421 | D:10     | Reached skill level 14 in Stealth
  9541 | D:10     | Found an opulent altar of Gozag.
  9630 | D:10     | Reached * piety under Ashenzari
  9803 | D:10     | Noticed a cyclops
  9813 | D:10     | Killed a cyclops
  9813 | D:10     | Reached skill level 1 in Fighting
  9813 | D:10     | Reached XP level 11. HP: 30/53 MP: 11/19
  9858 | D:10     | Noticed tstbtto's ghost (novice HEFi)
  9966 | D:10     | Noticed a hill giant
  9988 | D:10     | Killed a hill giant
  9988 | D:10     | Reached skill level 5 in Spellcasting
 10406 | D:10     | Noticed Harold
 10428 | D:10     | Killed Harold
 10747 | D:11     | Identified the amulet "Uruek" {RegenMP Str+2 Dex+4}
 11206 | D:11     | Found a staircase to the Lair.
 11393 | D:11     | Found a roughly hewn altar of Beogh.
 11393 | D:11     | Noticed an orc knight
 11552 | D:10     | Killed an orc knight
 11959 | D:11     | Noticed a hill giant
 11963 | D:11     | Killed a hill giant
 11963 | D:11     | Reached skill level 5 in Fighting
 12080 | Lair:1   | Entered Level 1 of the Lair of Beasts
 12086 | Lair:1   | Reached skill level 1 in Ice Magic
 12184 | Lair:1   | Reached ** piety under Ashenzari
 12217 | Lair:1   | Found a dark tunnel.
 12228 | Volcano  | Entered a volcano
 12380 | Volcano  | Reached XP level 12. HP: 66/66 MP: 22/22
 12452 | Volcano  | Reached skill level 5 in Dodging
 12674 | Lair:1   | Learned a level 5 spell: Metabolic Englaciation
 12713 | Lair:1   | Noticed Urug
 12720 | Lair:1   | Killed Urug
 12755 | Lair:1   | Reached skill level 15 in Stealth
 13402 | Lair:2   | Reached *** piety under Ashenzari
 13605 | Lair:2   | Noticed Fannar
 13623 | Lair:2   | Killed Fannar
 14109 | Lair:3   | Reached skill level 16 in Stealth
 14221 | Lair:3   | Reached skill level 5 in Ice Magic
 14623 | Lair:3   | Reached XP level 13. HP: 48/69 MP: 19/23
 14928 | Lair:3   | Reached skill level 10 in Dodging
 15228 | Lair:4   | Found a staircase to the Swamp.
 15280 | Lair:4   | Found a hole to the Spider Nest.
 15281 | Lair:4   | Reached **** piety under Ashenzari
 15880 | Lair:4   | Learned a level 4 spell: Petrify
 15953 | Lair:5   | Reached skill level 1 in Transmutations
 16199 | Lair:5   | Found a staircase to the Slime Pits.
 16363 | Lair:5   | Reached skill level 5 in Transmutations
 16402 | Lair:5   | Noticed Kirke
 16426 | Lair:5   | Killed Kirke
 16768 | Lair:6   | Entered Level 6 of the Lair of Beasts
 16819 | Lair:6   | Noticed George's ghost (journeyman MiFi)
 16833 | Lair:5   | Reached skill level 1 in Earth Magic
 17130 | Lair:6   | Reached skill level 5 in Earth Magic
 17641 | Lair:5   | Reached XP level 14. HP: 66/74 MP: 24/24
 19248 | Lair:6   | Identified Doaroch's Compendium of Nocuous Earth
 19963 | D:12     | Reached ***** piety under Ashenzari
 19988 | D:12     | Found a staircase to the Orcish Mines.
 20636 | Orc:1    | Entered Level 1 of the Orcish Mines
 20677 | Orc:1    | Noticed Erica
 20682 | Orc:1    | Killed Erica
 21190 | Orc:2    | Entered Level 2 of the Orcish Mines
 21207 | Orc:2    | Found a labyrinth entrance.
 21235 | Lab      | Entered a labyrinth
 21277 | Lab      | Identified the ring of Kudioh {*Contam rN+++ MR++ AC+2 Dex-5}
 21382 | Orc:2    | Noticed an orc warlord
 21406 | Orc:2    | Reached skill level 1 in Evocations
 21671 | Orc:2    | Found Xuybau's Weapon Emporium.
 21901 | Orc:2    | Killed an orc warlord
 22045 | Orc:2    | Found a staircase to the Elven Halls.
 22253 | Orc:2    | Found Goutut's Gadget Boutique.
 22364 | Orc:2    | Reached XP level 15. HP: 84/84 MP: 12/25
 22382 | Orc:2    | Reached skill level 17 in Stealth
 22494 | Orc:2    | Found Liomimul's Book Boutique.
 22641 | Orc:2    | Found Dioleow's Antique Weapon Emporium.
 22647 | Orc:2    | Found Dokku's Jewellery Emporium.
 22666 | Orc:2    | Bought a wand of hasting (2/9) for 396 gold pieces
 23581 | D:13     | Found Soorgh's Demolitions Depot.
 23796 | D:14     | Reached skill level 10 in Transmutations
 23955 | D:14     | Found a gate to the Vaults.
 23973 | D:14     | HP: 4/84 [yaktaur/bolt (26)]
 25185 | D:15     | Entered Level 15 of the Dungeon
 25758 | D:15     | Found a staircase to the Depths.
 25890 | D:15     | Found a runed door.
 25894 | D:15     | Identified the amulet "Desievit" {Harm *Drain rPois Str+4}
 26035 | D:15     | Identified the +5 ring mail "Cami" {*Corrode rF+++ rC+ SInv} (You found it on level 6 of the Dungeon)
 26035 | D:15     | Identified the +1 robe of the Orcish Mines {rC- Str+6 Stlth+} (You found it on level 1 of the Lair of Beasts)
 26058 | D:15     | Paralysed by a hornet for 2 turns
 26060 | D:15     | Killed from afar by a manticore

Vault maps used:
D:1:      dpeg_arrival_round_b
D:2:      first_bread, minmay_tree_intersection, uniq_iyjb
D:3:      uniq_sigmund, uniq_robin
D:5:      uniq_crazy_yiuf_cottage
D:6:      st_stairs_10, supply_closet_lemuel, uniq_prince_ribbit1
D:7:      serial_shops, nicolae_shop_waterfront, grunt_livestock
D:8:      nicolae_for_you_no_charge, uniq_maurice
D:9:      lemuel_round_altar, grunt_temple_overflow_open,
          introduction_to_nature_2
D:10:     nicolae_gozag_cash_rules_everything_around_me, uniq_harold
D:11:     grunt_lair_entry_orc_guard_hut, special_room
D:12:     david_orc_2, minivault_11
D:13:     nicolae_blasting_shop
D:14:     hangedman_screamer, david_vaults_2, nicolae_lava_and_water
D:15:     gammafunk_enter_depths_forms, minmay_misc_feat_four_crosses,
          kennysheep_treasure_room
Temple:   dshaligram_water_room_temple
Lair:1:   enter_volcano_2, infiniplex_staircase_pool, grunt_megastairs_4,
          uniq_urug
Lair:2:   uniq_fannar
Lair:3:   grunt_megastairs_1, infiniplex_staircase_pool_2, lemuel_fruit_tree,
          serial_bayou_shore_b
Lair:4:   nicolae_swamp_entry_splash_gauntlet, dummy_spider_entry,
          minmay_hedge_maze
Lair:5:   boulder_dual_corridor_run, slime_dummy, uniq_kirke
Lair:6:   grunt_lair_end_beastmaster, minivault_23, serial_bayou_shore_b
Orc:1:    uniq_erica
Orc:2:    st_orc_elflike, lab_entry_generic, serial_shops, shop,
          nicolae_orc_bridge_out
Lab:      labyrinth_watery, labyrinth_skeletal_remains, nicolae_lab_do_over,
          nicolae_lab_starburst, nicolae_lab_very_dead_end, nicolae_lab_arrow,
          nicolae_lab_checkerboard
Volcano:  volcano_bunker

Skill      XL: |  1  2  3  4  5  6  7  8  9 10 11 12 13 14 15 |
---------------+----------------------------------------------+-----
Hexes          | 4 5 6 7 9 10 12 13 | 13.2
Short Blades   | 2 3 4 5 7 9 10 12 13 | 13.7
Stealth        | 5 6 8 10 12 14 16 17 | 17.0
Spellcasting   | 4 6 7 |  7.8
Fighting       | 1 5 7 |  7.8
Ice Magic      | 2 5 |  5.9
Dodging        | 4 9 10 13 | 13.8
Transmutations | 8 12 | 12.0
Earth Magic    | 5 8 |  8.1
Evocations     | 2 |  2.0

Action                   |  1- 3 |  4- 6 |  7- 9 | 10-12 | 13-15 || total
-------------------------+-------+-------+-------+-------+-------++-------
Melee: Dagger            |   295 |   154 |       |       |       ||   449
       Short sword       |       |    29 |   180 |   545 |  1297 ||  2051
 Cast: Ensorcelled Hiber |     6 |    13 |    17 |   100 |   224 ||   360
       Tukima's Dance    |       |     3 |     8 |     7 |    21 ||    39
       Corona            |       |     1 |       |       |       ||     1
       Dazzling Spray    |       |     1 |     6 |     9 |    18 ||    34
       Confuse           |       |       |    27 |    38 |    59 ||   124
       Metabolic Englaci |       |       |       |     2 |       ||     2
       Petrify           |       |       |       |       |    17 ||    17
Invok: Curse Item        |       |       |       |     3 |     2 ||     5
Evoke: Wand              |       |       |       |       |     3 ||     3
  Use: Scroll            |       |       |    11 |    14 |     7 ||    32
       Potion            |       |       |     1 |       |     1 ||     2
 Stab: Sleeping          |    14 |    18 |    33 |   121 |   189 ||   375
       Distracted        |     1 |       |     1 |     1 |     5 ||     8
       Confused          |       |       |     8 |    11 |    13 ||    32
       Invisible         |       |       |     2 |     4 |     6 ||    12
       Petrifying        |       |       |       |       |     6 ||     6
       Petrified         |       |       |       |       |     5 ||     5
  Eat: Bread ration      |       |     1 |       |       |       ||     1
       Pizza             |       |       |     1 |     6 |     2 ||     9
       Royal jelly       |       |       |     1 |       |     1 ||     2
       Fruit             |       |       |       |       |     8 ||     8
Armor: Robe              |    56 |    45 |    12 |    26 |       ||   139
       Troll leather arm |       |       |       |    17 |    93 ||   110
Dodge: Dodged            |   250 |   191 |    69 |   219 |   700 ||  1429
